 Dungeon Crawl Stone Soup version 0.25-a0-413-g3b4b6a4ccc (webtiles) character file.

Game seed: 17304484055063648117, levelgen mode: deterministic

37035 Borgoz the Fighter (level 13, -10/87 HPs)
             Began as a Gargoyle Berserker on Jan 15, 2020.
             Was an Elder of Trog.
             Killed from afar by Frances (31 damage)
             ... with a shard of ice
             ... on level 14 of the Dungeon.
             The game lasted 00:30:51 (14827 turns).

Borgoz the Fighter (Gargoyle Berserker)            Turns: 14827, Time: 00:30:51

Health: -10/87     AC: 16    Str: 24    XL:     13   Next: 94%
Magic:  22/22      EV: 20    Int: 15    God:    Trog [****..]
Gold:   1017       SH:  7    Dex: 16    Spells: 12/12 levels left

rFire    + + .     SeeInvis +   Q - +5 whip (elec)
rCold    + . .     Gourm    .   O - +1 buckler {reflect}
rNeg     + . .     Faith    .   q - +0 chain mail {rF+}
rPois    ∞         Spirit   .   n - +2 helmet {SInv}
rElec    +         Reflect  +   G - +2 cloak {MR+}
rCorr    .         Harm     .   u - +0 pair of gloves "Rouppi" {rF+ Int+7}
MR       +++..                  i - +0 pair of boots
Stlth    ..........             (no amulet)
HPRegen  1.24/turn              o - ring of Wisavaol {rPois rC+ MP+9}
MPRegen  0.18/turn              (no ring)

@: agile, corroded, berserk cooldown, regenerating, slowed, very slow
A: negative energy resistance 1, electricity resistance, unbreathing,
petrification resistance, rot immunity, AC +9
a: Berserk, Trog's Hand, Brothers in Arms, Renounce Religion


You were on level 14 of the Dungeon.
You worshipped Trog.
Trog was greatly pleased with you.
You were near starving.

You visited 2 branches of the dungeon, and saw 16 of its levels.
You also visited: Gauntlet.

You collected 1167 gold pieces.
You spent 150 gold pieces at shops.

Inventory:

Hand Weapons
 v - a +1 vampiric broad axe
 I - a +1 dire flail
 N - a +1 morningstar of flaming
 Q - a +5 whip of electrocution (weapon)
Armour
 h - +0 steam dragon scales
 i - a +0 pair of boots (worn)
 j - a +1 chain mail of magic resistance
 n - a +2 helmet of see invisible (worn)
 q - a +0 chain mail of fire resistance (worn)
 s - a +1 shield of protection
 u - the +0 pair of gloves "Rouppi" (worn) {rF+ Int+7}
   (You found it in a Gauntlet)

   It affects your intelligence (+7).
   It protects you from fire.
 G - a +2 cloak of magic resistance (worn)
 O - a +1 buckler of reflection (worn)
Jewellery
 o - the ring of Wisavaol (left hand) {rPois rC+ MP+9}
   (You found it in a Gauntlet)

   [ring of magical power]

   It protects you from cold.
   It protects you from poison.
   It affects your magic capacity (+9).
Wands
 r - a wand of scattershot (12)
 C - a wand of disintegration (9)
 F - a wand of acid (3)
Scrolls
 a - a scroll of silence
 d - 8 scrolls of remove curse
 g - 3 scrolls of enchant armour
 l - 2 scrolls of fog
 m - a scroll of blinking
 t - 2 scrolls of enchant weapon
 B - a scroll of brand weapon {unknown}
 E - a scroll of teleportation
Potions
 b - 7 potions of curing
 e - 2 potions of invisibility
 f - 2 potions of brilliance {unknown}
 k - a potion of mutation
 p - 2 potions of agility
 w - a potion of flight
 z - a potion of ambrosia
 A - 2 potions of resistance
 D - 4 potions of heal wounds
 K - a potion of haste
Comestibles
 c - 21 rations


   Skills:
 + Level 12.7 Fighting
 + Level 11.8 Maces & Flails
 + Level 12.6 Armour
 + Level 10.0 Dodging
 - Level 6.0 Shields


You had 12 spell levels left.
You didn't know any spells.
Your spell library was empty.

Dungeon Overview and Level Annotations

Branches:
Dungeon (15/15)            Temple (1/1) D:5            Lair (0/6) D:11
    Orc (0/2) D:12         Vaults (0/5) D:13        Gauntlet (visited)
 Depths: D:15

Altars:
Ashenzari
Cheibriados
Elyvilon
Fedhas
Hepliaklqana
Kikubaaqudgha
Makhleb
Okawaru
Trog
Vehumet
Yredelemnul
Zin
The Shining One
Beogh

Shops:
D:4 *   D:8 (   D:9 !

Annotations:
D:7 exclusion: oklob plant
D:14 Frances


Innate Abilities, Weirdness & Mutations

You are resistant to torment.
Your stone body is resilient. (AC +9)
You are immune to poison.
You resist negative energy. (rN+)
You are resistant to electric shocks. (rElec)
You can survive without breathing.
You are immune to petrification.
You are immune to rotting.


Message History

You block the hellwing's attack.
The hellwing hits you but does no damage.
Frances says, "Would you challenge me, knowing my power?"
Frances barely misses you. The orange demon misses you.
Throwing (i - inventory)
y - a throwing net (quivered)
Press: ? - help, Shift-Dir - straight line, f - Frances
Aim: Frances, wielding a +0 long sword of distortion and wearing a +0 leather armour of poison resistance (almost dead, fast)
You throw a throwing net. The throwing net hits Frances.
Frances is caught in the net!
Frances is almost dead.
Frances struggles against the net.
You block the hellwing's attack. The hellwing barely misses you.
The orange demon closely misses you.
Frances struggles against the net.
The hellwing hits you but does no damage.
You block the hellwing's attack.
You whack Frances! Lightning courses through Frances!
Frances is almost dead.
Frances chants phrases taken from a devil's mouth.
The shard of ice hits you!! You partially resist.
You die...

..#.......# .......[..####
##### .........#..##....#
PP......#........######
♣P...44@.............#
♣P.....#..#####+##...+
..PPPP.....#..##....##...#
........#####4##....##...#
⌠.......'4@@.............#..
.....(..#.4..............#..
..PPPP..##....##....####'#..
..P♣PP..##....##....##...#..
. .P!@......##'#####...#..
P.........#.....#....#..
....#.....#.....#..>.#..
.##.....#.....#....#..
##+#####...###+###..


You could see Frances (caught), an orange demon, a hellwing and an ice devil.

Vanquished Creatures
  An ironheart preserver (D:13)
  A minotaur (Gauntlet)
  Snorg (D:11)
  Harold (D:11)
  2 centaur warriors
  A hell hog (Gauntlet)
  2 two-headed ogres (D:8)
  5 tengu warriors
  4 sixfirhies (Gauntlet)
  An orc knight (D:15)
  A wolf spider zombie (D:15)
  4 harpies (D:13)
  4 cyclopes
  A manticore (D:8)
  4 ugly things (D:15)
  A black mamba (shapeshifter) (D:13)
  Joseph (D:8)
  Psyche (D:9)
  A centaur skeleton (D:15)
  2 komodo dragons (D:11)
  3 trolls
  8 slime creatures (D:12)
  7 hippogriffs
  3 shadows
  Sigmund (D:4)
  A basilisk (D:13)
  2 wyverns
  3 fire bats (Gauntlet)
  14 yaks
  2 hungry ghosts
  3 steam dragons
  A warg (D:15)
  Duvessa (D:6)
  3 acid dragons
  A hell hound (Gauntlet)
  2 water moccasins
  11 orc warriors
  4 ice beasts
  4 sky beasts
  3 black bears
  5 necrophages
  2 eyes of draining
  2 phantoms (D:6)
  4 ogres
  11 centaurs
  3 big kobolds
  2 gnoll sergeants (D:10)
  7 bullfrogs
  Dowan (D:6)
  A water moccasin skeleton (D:5)
  13 killer bees
  2 wights (D:8)
  4 howler monkeys
  8 crimson imps
  2 bullfrog zombies
  3 centaur zombies
  2 quasits (D:6)
  6 hounds
  4 jellies
  10 orc priests
  3 bullfrog skeletons
  3 human zombies (D:8)
  11 orc wizards
  Ijyb (D:3)
  4 iguanas
  13 worker ants
  A statue (D:8)
  An ogre zombie (D:8)
  5 mummies (D:8)
  2 howler monkey zombies
  9 gnolls
  10 adders
  4 shadow imps
  4 oozes
  2 adder skeletons
  An adder zombie (D:8)
  3 worms
  2 dart slugs
  4 leopard geckos
  49 orcs
  A ball python (D:1)
  5 giant cockroaches
  8 hobgoblins
  28 jackals
  33 kobolds
  3 quokkas
  9 bats
  8 frilled lizards
  6 goblins
  A leopard gecko zombie (D:5)
  An orc zombie (D:8)
  15 rats
458 creatures vanquished.

Vanquished Creatures (others)
  An unseen horror (D:8)
  An orc (D:9)
  3 fungi (Gauntlet)
  13 plants
18 creatures vanquished.

Grand Total: 476 creatures vanquished

Notes
Turn   | Place    | Note
-------+----------+-------------------------------------------
     0 | D:1      | Borgoz the Gargoyle Berserker began the quest for the Orb.
     0 | D:1      | Reached XP level 1. HP: 14/14 MP: 1/1
   122 | D:1      | Reached XP level 2. HP: 16/19 MP: 2/2
   500 | D:1      | Reached XP level 3. HP: 23/23 MP: 3/3
   621 | D:1      | Reached ** piety under Trog
   961 | D:2      | Reached XP level 4. HP: 23/29 MP: 4/4
  1126 | D:2      | Found a snail-covered altar of Cheibriados.
  1233 | D:2      | Found an iron altar of Okawaru.
  1664 | D:3      | Reached *** piety under Trog
  1736 | D:3      | Reached XP level 5. HP: 22/33 MP: 5/5
  1953 | D:3      | Noticed Ijyb
  1987 | D:3      | Killed Ijyb
  2711 | D:4      | Reached XP level 6. HP: 31/39 MP: 6/6
  2793 | D:4      | Found Gusturik's Serpentskin Sales.
  2793 | D:4      | Noticed a water moccasin
  2798 | D:4      | Killed a water moccasin
  2845 | D:4      | Reached skill level 5 in Fighting
  2914 | D:4      | Noticed Sigmund
  2927 | D:4      | Killed Sigmund
  2927 | D:4      | Reached **** piety under Trog
  2927 | D:4      | Reached XP level 7. HP: 40/44 MP: 7/7
  2983 | D:4      | Found a white marble altar of Elyvilon.
  2998 | D:4      | Reached skill level 5 in Maces & Flails
  3261 | D:4      | Reached skill level 5 in Armour
  3452 | D:5      | Entered Level 5 of the Dungeon
  3520 | D:5      | Reached XP level 8. HP: 51/51 MP: 8/8
  3901 | D:5      | Found a staircase to the Ecumenical Temple.
  3913 | Temple   | Entered the Ecumenical Temple
  4103 | D:5      | Found a hazy altar of Hepliaklqana.
  4106 | D:5      | Found a burning altar of Makhleb.
  4310 | D:6      | Found a shattered altar of Ashenzari.
  4758 | D:6      | Reached XP level 9. HP: 56/56 MP: 9/9
  4929 | D:6      | Noticed Dowan
  4931 | D:6      | Noticed Duvessa
  4979 | D:6      | Killed Duvessa
  4986 | D:6      | Killed Dowan
  4986 | D:6      | Reached skill level 5 in Dodging
  5546 | D:7      | Found a glowing silver altar of Zin.
  5845 | D:7      | Found a blossoming altar of Fedhas.
  5858 | D:7      | Noticed an oklob plant
  6337 | D:8      | Found Omir's Weapon Shop.
  6380 | D:8      | Found an ancient bone altar of Kikubaaqudgha.
  7093 | D:8      | Found a radiant altar of Vehumet.
  7132 | D:8      | Reached XP level 10. HP: 60/64 MP: 10/10
  7193 | D:8      | Noticed a manticore
  7193 | D:8      | Noticed an unseen horror
  7193 | D:8      | Noticed a cyclops
  7193 | D:8      | Noticed a two-headed ogre
  7193 | D:8      | Killed an unseen horror
  7194 | D:8      | Found the +2 Maxwell's thermic engine {flame, freeze}
  7211 | D:8      | Killed a cyclops
  7218 | D:8      | Killed a two-headed ogre
  7228 | D:8      | Killed a manticore
  7244 | D:8      | Reached ***** piety under Trog
  7244 | D:8      | Received a gift from Trog
  7553 | D:8      | Found a bloodstained altar of Trog.
  7618 | D:8      | Noticed a two-headed ogre
  7630 | D:8      | Killed a two-headed ogre
  7836 | D:8      | Noticed Joseph
  7852 | D:8      | Killed Joseph
  8029 | D:8      | Reached XP level 11. HP: 26/71 MP: 11/11
  8321 | D:9      | Noticed Psyche
  8348 | D:9      | Killed Psyche
  8870 | D:9      | Reached skill level 10 in Fighting
  8895 | D:9      | Found a basalt altar of Yredelemnul.
  8897 | D:9      | Noticed a profane servitor
  8939 | D:9      | Found a glowing golden altar of the Shining One.
  8941 | D:9      | Noticed an angel
  9078 | D:9      | Found Raank's Distillery.
  9086 | D:9      | Bought a potion of heal wounds for 50 gold pieces
  9086 | D:9      | Bought a potion of haste for 100 gold pieces
  9220 | D:10     | Entered Level 10 of the Dungeon
  9480 | D:10     | Received a gift from Trog
  9495 | D:10     | Reached skill level 10 in Armour
 10263 | D:11     | Found a staircase to the Lair.
 10369 | D:11     | Noticed Snorg
 10385 | D:11     | Killed Snorg
 10644 | D:11     | Noticed Harold
 10651 | D:11     | Reached skill level 10 in Maces & Flails
 10660 | D:11     | Killed Harold
 10660 | D:11     | Reached XP level 12. HP: 63/79 MP: 12/12
 11487 | D:12     | Found a staircase to the Orcish Mines.
 11502 | D:12     | Found a roughly hewn altar of Beogh.
 11506 | D:12     | Identified the +6 glaive of Truth {chop, rF+ SInv}
 11535 | D:12     | Received a gift from Trog
 11976 | D:12     | Noticed a tengu warrior
 12005 | D:12     | Killed a tengu warrior
 12481 | D:13     | Found a basalt altar of Yredelemnul.
 12557 | D:13     | Reached skill level 1 in Shields
 12676 | D:13     | Noticed a tengu warrior
 12676 | D:13     | Noticed a tengu warrior
 12677 | D:13     | Noticed a tengu warrior
 12685 | D:13     | Noticed a tengu warrior
 12715 | D:13     | Killed a tengu warrior
 12719 | D:13     | Killed a tengu warrior
 12725 | D:13     | Reached XP level 13. HP: 66/85 MP: 13/13
 12836 | D:13     | Found a gate leading to a gauntlet.
 12853 | Gauntlet | Entered a Gauntlet
 12853 | Gauntlet | Found a transporter.
 12853 | Gauntlet | Found a transporter.
 12853 | Gauntlet | Found a transporter.
 12860 | Gauntlet | Found a transporter.
 12868 | Gauntlet | Found a transporter.
 12868 | Gauntlet | Found a transporter.
 12883 | Gauntlet | Found a transporter.
 12890 | Gauntlet | Found a transporter.
 12907 | Gauntlet | Found a transporter.
 12915 | Gauntlet | Found a transporter.
 12935 | Gauntlet | Found a transporter.
 12975 | Gauntlet | Found a transporter.
 13113 | Gauntlet | Got a scorched bone ring
 13213 | Gauntlet | Identified the ring of Wisavaol {rPois rC+ MP+9} (You found
                  | it in a Gauntlet)
 13351 | Gauntlet | Identified the Papyrus of the End
 13353 | Gauntlet | Got a pair of faintly humming gloves
 13368 | Gauntlet | Identified the +0 pair of gloves "Rouppi" {rF+ Int+7} (You
                  | found it in a Gauntlet)
 13404 | Gauntlet | Identified the +7 hand crossbow of Causality {freeze, +Inv
                  | MR+ Dex+3}
 13404 | Gauntlet | Noticed a minotaur
 13447 | Gauntlet | Killed a minotaur
 13461 | Gauntlet | Identified the Catalogue of Execration
 13876 | D:13     | Reached skill level 5 in Shields
 13886 | D:13     | Noticed an ironheart preserver
 13912 | D:13     | Killed an ironheart preserver
 13913 | D:13     | Found a gate to the Vaults.
 14229 | D:14     | You fall into a shaft and drop 1 floor!
 14229 | D:15     | Entered Level 15 of the Dungeon
 14676 | D:15     | Reached skill level 10 in Dodging
 14784 | D:14     | Noticed Frances
 14827 | D:14     | Killed from afar by Frances

Levels and vault maps discovered:
D:1:      grunt_arrival_lava_bath, layout_basic, palyth_stone_intersect,
          minmay_tall_x
D:2:      minmay_kobold_bridge, layout_basic, overflow_temple_1_default,
          lemuel_round_altar
D:3:      layout_loops_ring, first_ration, uniq_ijyb
D:4:      layout_rooms, elyvilon_altar_3, amethyst_killhole,
          guppyfry_shop_venom, uniq_sigmund
D:5:      layout_rooms, grunt_temple_overflow_open, temple_pool_b
D:6:      layout_gridville, cheibrodos_ashenzari_chains, uniq_duvessa
D:7:      layout_basic, kennysheep_mini, tgw_fedhas
D:8:      minmay_the_grid_triangle_9x9_recursive_2
          [minmay_the_grid_triangle_9x9_prize_schism,
          minmay_the_grid_triangle_9x9_zippers_horizontal,
          minmay_the_grid_triangle_9x9_wacky_v,
          minmay_the_grid_triangle_9x9_empty], layout_loops_ring,
          vehumet_statue, trog_ov_bears_minmay,
          lemuel_mausoleum_altar_kikubaaqudgha, special_room [special_room_orc],
          serial_shops, shop, uniq_joseph
D:9:      layout_cave_pools, grunt_temple_overflow_holy_war, serial_shops, shop,
          uniq_psyche
D:10:     layout_roguey
D:11:     layout_stronghold, david_lair_shrubbed, uniq_snorg, uniq_harold
D:12:     layout_irregular_city, minmay_orc_entry_temple_large, grunt_tengu_nest
D:13:     layout_big_octagon, skrybe_vaults_entry_preservation,
          gauntlet_entry_generic, basic_altar, hangedman_aviary
D:14:     layout_gridville, serial_park_square2, uniq_frances
D:15:     hangedman_depths_entry_try_elsewhere_first, layout_loops_ring
Temple:   corrupted_temple

Skill      XL: |  1  2  3  4  5  6  7  8  9 10 11 12 13 |
---------------+----------------------------------------+-----
Dodging        | 2 3 4 5 7 8 9 10 | 10.0
Armour         | 3 4 5 6 7 9 10 11 12 | 12.6
Fighting       | 4 5 6 8 9 10 11 12 | 12.7
Maces & Flails | 4 5 6 7 8 10 11 | 11.8
Shields        | 3 6 |  6.0

Action                   |  1- 3 |  4- 6 |  7- 9 | 10-12 | 13-15 || total
-------------------------+-------+-------+-------+-------+-------++-------
Melee: Mace              |   103 |   281 |   679 |       |       ||  1063
       Flail             |       |       |    76 |   228 |       ||   304
       Dire flail        |       |       |       |   257 |       ||   257
       Morningstar       |       |       |       |   316 |       ||   316
       Whip              |       |       |       |   141 |   480 ||   621
Throw: Throwing net      |       |       |       |       |     2 ||     2
Invok: Berserk           |       |     2 |     1 |     4 |     2 ||     9
       Trog's Hand       |       |     1 |     1 |     5 |     3 ||    10
Evoke: Wand              |       |       |       |     6 |       ||     6
  Use: Scroll            |       |     2 |     4 |    17 |     2 ||    25
       Potion            |       |       |       |       |     2 ||     2
 Stab: Sleeping          |     1 |       |       |       |       ||     1
       Confused          |       |       |       |     1 |       ||     1
  Eat: Chunk             |       |     9 |    13 |    20 |     6 ||    48
       Ration            |       |       |     5 |     1 |     2 ||     8
Armor: Animal skin       |    19 |       |       |       |       ||    19
       Ring mail         |    41 |   132 |       |       |       ||   173
       Chain mail        |       |    70 |   545 |   713 |   237 ||  1565
Dodge: Dodged            |   105 |   208 |   405 |   595 |   169 ||  1482
Block: Buckler           |       |       |       |    33 |    87 ||   120
       Reflection        |       |       |       |       |     3 ||     3

Table legend:
 A = Non-vault XP
 B = Vault XP
 C = Vault XP percentage of total XP
 D = Non-vault monster count
 E = Vault monster count
 F = Vault count percentage of total count
                 A         B        C        D         E       F
            +---------+---------+-------+---------+---------+-------
      Total |   28314 |   24594 |  46.5 |     349 |     109 |  23.8
            +---------+---------+-------+---------+---------+-------
        D:1 |      59 |      10 |  14.5 |      32 |       4 |  11.1
        D:2 |      48 |       4 |   7.7 |      23 |       3 |  11.5
        D:3 |     149 |      36 |  19.5 |      35 |       1 |   2.8
        D:4 |     428 |     367 |  46.2 |      16 |       3 |  15.8
        D:5 |     599 |       0 |   0.0 |      15 |       0 |   0.0
        D:6 |     925 |     228 |  19.8 |      25 |       2 |   7.4
        D:7 |     634 |       0 |   0.0 |      10 |       0 |   0.0
        D:8 |    1934 |    4108 |  68.0 |      19 |      51 |  72.9
        D:9 |    1804 |     404 |  18.3 |      27 |       1 |   3.6
       D:10 |    3097 |       0 |   0.0 |      50 |       0 |   0.0
       D:11 |    2143 |    2550 |  54.3 |      27 |       3 |  10.0
       D:12 |    4402 |    1326 |  23.1 |      21 |      14 |  40.0
       D:13 |    4377 |    9649 |  68.8 |      26 |      17 |  39.5
       D:14 |     116 |       0 |   0.0 |       1 |       0 |   0.0
       D:15 |    7599 |       0 |   0.0 |      22 |       0 |   0.0
   Gauntlet |       0 |    5912 | 100.0 |       0 |      10 | 100.0
            +---------+---------+-------+---------+---------+-------
